 Dungeon Crawl Stone Soup version 0.25-a0-302-g9f758675c1 (webtiles) character file.

Game seed: 10018308160229425994, levelgen mode: classic

193 Borgoz the Slasher (level 5, 0/30 HPs)
             Began as a Gargoyle Gladiator on Dec 20, 2019.
             Shot with an arrow by a centaur (9 damage)
             ... on level 3 of the Dungeon.
             The game lasted 00:04:00 (2321 turns).

Borgoz the Slasher (Gargoyle Gladiator)             Turns: 2321, Time: 00:04:01

Health: 0/30       AC:  8    Str: 18    XL:     5   Next: 72%
Magic:  5/5        EV: 13    Int:  8    God:
Gold:   124        SH:  0    Dex: 12    Spells: 4/4 levels left

rFire    . . .     SeeInvis .   a - +0 long sword
rCold    . . .     Gourm    .   (no shield)
rNeg     + . .     Faith    .   b - +0 leather armour
rPois    ∞         Spirit   .   c - +0 helmet
rElec    +         Reflect  .   (no cloak)
rCorr    .         Harm     .   (no gloves)
MR       .....                  (no boots)
Stlth    +.........             (no amulet)
HPRegen  0.10/turn              (no ring)
MPRegen  0.09/turn              (no ring)

@: no status effects
A: negative energy resistance 1, electricity resistance, unbreathing,
petrification resistance, rot immunity, AC +4
a: no special abilities


You were on level 3 of the Dungeon.
You were not hungry.

You visited 1 branch of the dungeon, and saw 3 of its levels.

You collected 124 gold pieces.

Inventory:

Hand Weapons
 a - a +0 long sword (weapon)
Armour
 b - a +0 leather armour (worn)
 c - a +0 helmet (worn)
Jewellery
 g - an uncursed ring of protection from fire
Scrolls
 e - a scroll of identify
 h - a scroll of fog
 j - a scroll of blinking
 k - 3 scrolls of enchant armour
 l - a scroll of teleportation
 n - a scroll of remove curse
Potions
 i - 3 potions of mutation
 o - a potion of agility
Comestibles
 d - 11 chunks of flesh
 f - 3 rations


   Skills:
 - Level 2.1 Fighting
 + Level 3.9 Long Blades
 - Level 1.7 Throwing
 + Level 3.1 Armour
 + Level 3.5 Dodging


You had 4 spell levels left.
You didn't know any spells.
Your spell library was empty.

Dungeon Overview and Level Annotations

Branches:
Dungeon (3/15)

Altars:
Qazlal


Innate Abilities, Weirdness & Mutations

You are resistant to torment.
Your stone body is resilient. (AC +4)
You are immune to poison.
You resist negative energy. (rN+)
You are resistant to electric shocks. (rElec)
You can survive without breathing.
You are immune to petrification.
You are immune to rotting.


Message History

A centaur comes into view.
The centaur wields a +0 shortbow.
The centaur shoots an arrow.
The arrow misses you.
The hobgoblin hits you with a cursed -1 club.
You see here an arrow.
You hit the hobgoblin but do no damage.
The centaur shoots an arrow.
The arrow barely misses you. The hobgoblin barely misses you.
The centaur shoots an arrow.
The arrow hits you but does no damage.
You slash the hobgoblin!
You kill the hobgoblin!
The centaur shoots an arrow.
The arrow hits you!
The centaur shoots an arrow.
The arrow hits you!
* * * LOW HITPOINT WARNING * * *
Things that are here:
an arrow; a cursed -1 club You are too injured to fight recklessly!
You are too injured to fight recklessly!
You are too injured to fight recklessly!
The centaur shoots an arrow.
The arrow hits you!
You die...

#..# #
######.#####.#
'.......>.....#
.#####.##.####.#
....##....# .#
#.....######'####
#.###.#..........
.###..(.........
#.......(@.......
#.####....(..c...
...............
####...........
#...........
##########.. #


You could see a centaur.

Vanquished Creatures
  Terence (D:2)
  Jessica (D:3)
  5 adders
  An ooze (D:2)
  A worm (D:2)
  5 leopard geckos
  2 orcs (D:3)
  4 giant cockroaches
  9 goblins
  9 hobgoblins
  10 jackals
  2 quokkas
  A ball python (D:2)
  8 bats
  4 frilled lizards
  8 kobolds
  6 rats
77 creatures vanquished.

Notes
Turn   | Place    | Note
-------+----------+-------------------------------------------
     0 | D:1      | Borgoz the Gargoyle Gladiator began the quest for the Orb.
     0 | D:1      | Reached XP level 1. HP: 12/12 MP: 1/1
   264 | D:1      | Reached XP level 2. HP: 11/17 MP: 2/2
   301 | D:1      | Reached skill level 1 in Armour
   652 | D:1      | Reached XP level 3. HP: 21/21 MP: 3/3
  1347 | D:2      | Reached XP level 4. HP: 18/26 MP: 4/4
  1604 | D:2      | Noticed Terence
  1650 | D:2      | Killed Terence
  1650 | D:2      | Reached XP level 5. HP: 14/30 MP: 5/5
  1854 | D:2      | Found a stormy altar of Qazlal.
  2169 | D:3      | Noticed Jessica
  2196 | D:3      | Killed Jessica
  2317 | D:3      | Noticed a centaur
  2321 | D:3      | Shot with an arrow by a centaur

Levels and vault maps discovered:
D:1:      roderic_chinese_lattice_arrival, layout_basic, feat_on_display
D:2:      layout_rooms, nicolae_qazlal_eye_of_the_storm, serial_bayou_pond_e,
          chequers_big_river, uniq_terence
D:3:      layout_basic, grunt_temple_overflow_octagram, marbit_many_paths,
          old_standard_altar, first_ration, uniq_jessica

Skill      XL: |  1  2  3  4  5 |
---------------+----------------+-----
Armour         | 1 2 3 |  3.1
Long Blades    | 3 |  3.9
Dodging        | 3 |  3.5
Fighting       | |  2.1
Throwing       | |  1.7

Action                   |  1- 3 |  4- 6 || total
-------------------------+-------+-------++-------
Melee: Long sword        |   134 |   135 ||   269
Throw: Throwing net      |       |     3 ||     3
  Use: Potion            |       |     2 ||     2
       Scroll            |       |     6 ||     6
 Stab: Held in net/web   |       |     1 ||     1
  Eat: Chunk             |     2 |     3 ||     5
Armor: Leather armour    |    70 |    58 ||   128
Dodge: Dodged            |   106 |   131 ||   237
       Rpst.: Long sword |    30 |    54 ||    84

Table legend:
 A = Non-vault XP
 B = Vault XP
 C = Vault XP percentage of total XP
 D = Non-vault monster count
 E = Vault monster count
 F = Vault count percentage of total count
                 A         B        C        D         E       F
            +---------+---------+-------+---------+---------+-------
      Total |     202 |      75 |  27.1 |      75 |       2 |   2.6
            +---------+---------+-------+---------+---------+-------
        D:1 |      39 |       0 |   0.0 |      23 |       0 |   0.0
        D:2 |     106 |      38 |  26.4 |      35 |       1 |   2.8
        D:3 |      57 |      37 |  39.4 |      17 |       1 |   5.6
            +---------+---------+-------+---------+---------+-------
